 Dungeon Crawl Stone Soup version 0.28-a0-991-g956f0ee (webtiles) character file.

Game seed: 7757518237898714450

1362 Remcycle the Spear-Bearer (level 8, -3/58 HPs)
             Began as a Merfolk Gladiator on Dec 5, 2021.
             Was a Believer of the Shining One (penitent).
             Killed by an exploding black bear (21 damage)
             ... ignited by their inner flame
             ... on level 6 of the Dungeon.
             The game lasted 00:12:34 (6086 turns).

Remcycle the Spear-Bearer (Merfolk Gladiator)       Turns: 6086, Time: 00:12:35

Health: -3/58      AC:  8    Str: 16    XL:     8   Next: 64%
Magic:  8/8        EV: 17    Int:  7    God:    the Shining One [*]
Gold:   236        SH:  0    Dex: 16    Spells: 7/7 levels left

rFire   . . .      SeeInvis .   a - +0 trident
rCold   + . .      Faith    .   (no shield)
rNeg    + . .      Spirit   .   j - +3 leather armour {rPois}
rPois   +          Reflect  .   c - +0 helmet
rElec   .          Harm     .   p - +0 cloak
rCorr   +          Rampage  .   (no gloves)
Will    .....                   (no boots)
Stlth   +.........              (no amulet)
HPRegen 0.19/turn               e - ring "Qeuwkoup" {rC+ rCorr}
MPRegen 0.11/turn               m - +4 ring of evasion

@: no status effects
A: (nimble swimmer 2), mertail
a: Renounce Religion


You were on level 6 of the Dungeon.
You worshipped the Shining One.
The Shining One was demanding penance.
You visited 2 branches of the dungeon, and saw 7 of its levels.
You also visited: Ossuary.

You collected 236 gold pieces.

Inventory:

Hand Weapons
 a - a +0 trident (weapon)
Missiles
 d - 3 throwing nets (quivered)
 g - 15 poisoned darts
Armour
 c - a +0 helmet (worn)
 j - a +3 leather armour of poison resistance (worn)
 p - a +0 cloak (worn)
 q - a +0 plate armour
Jewellery
 e - the ring "Qeuwkoup" (left hand) {rC+ rCorr}
   (You acquired it on level 4 of the Dungeon)

   [ring of protection from cold]

   rC:        It protects you from cold.
   rCorr:     It protects you from acid and corrosion.
 m - a +4 ring of evasion (right hand)
Scrolls
 f - 3 scrolls of identify
 h - 2 scrolls of holy word
Potions
 l - 2 potions of flight
 o - 2 potions of heal wounds {unknown}
 r - 2 potions of haste {unknown}
 s - 2 potions of berserk rage {unknown}
 t - 2 potions of lignification


   Skills:
 + Level 3.0 Fighting
 + Level 14.2 Polearms
 - Level 2.0 Throwing
 + Level 1.1 Armour
 + Level 4.7 Dodging


You had 7 spell levels left.
You didn't know any spells.
Your spell library contained the following spells:

 Spells                   Type           Power      Damage    Failure   Level
 Corpse Rot               Necr/Air       0%         N/A       65%         2
 Ensorcelled Hibernation  Hex/Ice        0%         N/A       65%         2
 Poisonous Vapours        Pois/Air       0%         N/A       65%         2
 Ozocubu's Armour         Ice            0%         N/A       86%         3
 Tukima's Dance           Hex            0%         N/A       86%         3
 Ozocubu's Refrigeration  Ice            0%         4d5       100%        7


Dungeon Overview and Level Annotations

Branches:
Dungeon (6/15)             Temple (1/1) D:5         Ossuary (visited)

Altars:
Ashenzari
Cheibriados
Dithmenos
Elyvilon
Gozag
Hepliaklqana
Kikubaaqudgha
Makhleb
Nemelex Xobeh
Okawaru
Qazlal
Sif Muna
Trog
Uskayaw
Wu Jian
Yredelemnul
Zin
The Shining One


Innate Abilities, Weirdness & Mutations

((You are quick and stealthy near water. (Stealth+, EV+, Speed+++)))
Your lower body shifts to a powerful aquatic tail in water.


Message History

It was a scroll of magic mapping.
As you read the scroll labelled VOTRUE WARISEH, it crumbles to dust.
The creatures around you are filled with an inner flame!
It was a scroll of immolation.
As you read the scroll labelled QYARULEITAM, it crumbles to dust.
Your body is wracked with pain!
Your scorpion convulses!
Flame seeps out of your scorpion.
You feel very guilty. "You will pay for your transgression, mortal!"
Your divine halo fades away.
Your orc warrior convulses!
Flame seeps out of your orc warrior.
Your black bear convulses!
Flame seeps out of your black bear.
Your orc wizard convulses!
The Shining One forgives your inadvertent evil act, just this once.
It was a scroll of torment.
Your scorpion is engulfed in blazing flames.
Flame seeps out of your scorpion.
Your orc warrior is engulfed in blazing flames.
Flame seeps out of your orc warrior.
Your black bear is engulfed in blazing flames.
Flame seeps out of your black bear.
Really walk into that cloud of flame? [Y]es or [N]o only, please.
Really walk into that cloud of flame?
Okay, then.
Your scorpion is engulfed in blazing flames.
Your scorpion's corpse dissolves into shadows!
Your scorpion explodes!
You feel very guilty. "You will pay for your transgression, mortal!"
The fiery explosion engulfs your orc warrior!!
Your orc warrior's corpse dissolves into shadows!
The fiery explosion engulfs your black bear!!!
Your black bear's corpse dissolves into shadows!
The fiery explosion engulfs you!
Your black bear explodes!
The fiery explosion engulfs you!!
You die...

******* *,,,,,* *#### *,,,,,* **
######...** *,,,,,* ,*
###.#....#,,******,,,,,* ,*
##.......###,,,,,,,,,,,,*
,**####......oo#ยง##,,,<,*,,,,,*
,,,..........##โ—‹@โ—‹#*,**********
,**#.........)##โ—‹##,,* ,*
*.#.........###,,** ,*
#.#......#...#..#*
,**#[.........#....*
,*,...........##..#*##########
,,,.#......>......# #........#
,,<..........###..###........#
,**#.#.......................#


You could see 2 friendly orc wizards.

Vanquished Creatures
  Grinder (D:5)
  Eustachio (D:5)
  Edmund (D:3)
  A black bear (D:3)
  A necrophage (D:5)
  An elf zombie (Ossuary)
  2 scorpions
  2 water moccasin skeletons
  A howler monkey (D:4)
  3 centaur zombies
  A human zombie (Ossuary)
  2 bullfrog skeletons
  A scorpion zombie (D:5)
  An iguana (D:4)
  2 mummies (Ossuary)
  A howler monkey skeleton (D:6)
  3 adders
  An adder zombie (Ossuary)
  2 worms (D:2)
  4 dart slugs
  8 orcs
  5 bats
  9 endoplasms
  3 giant cockroaches
  6 goblins
  4 hobgoblins
  3 jackals (D:2)
  5 kobolds
  4 quokkas
  4 ball pythons
  4 frilled lizards
  2 goblin zombies (Ossuary)
  11 hobgoblin zombies (Ossuary)
  A jackal zombie (Ossuary)
  6 kobold zombies (Ossuary)
  10 orc zombies (Ossuary)
  7 rats
  3 rat zombies (Ossuary)
127 creatures vanquished.

Notes
Turn   | Place    | Note
-------+----------+-------------------------------------------
     0 | D:1      | Remcycle the Merfolk Gladiator began the quest for the Orb.
     0 | D:1      | Reached XP level 1. HP: 16/16 MP: 1/1
    35 | D:1      | Reached skill level 5 in Polearms
    99 | D:1      | Reached XP level 2. HP: 22/22 MP: 2/2
   416 | D:1      | Found a faded altar of an unknown god.
   836 | D:2      | Reached skill level 6 in Polearms
   836 | D:2      | Reached XP level 3. HP: 27/27 MP: 3/3
   880 | D:2      | Found a shimmering blue altar of Sif Muna.
   886 | D:2      | You fall into a shaft and drop 2 floors!
   938 | D:4      | Reached XP level 4. HP: 20/33 MP: 4/4
   940 | D:4      | Reached skill level 7 in Polearms
  1116 | D:4      | Noticed Edmund
  1445 | D:4      | Noticed a black bear
  1470 | D:4      | Noticed a scorpion
  1502 | D:3      | Killed a black bear
  1503 | D:3      | Reached skill level 8 in Polearms
  1503 | D:3      | Reached XP level 5. HP: 16/38 MP: 5/5
  1964 | D:2      | Reached skill level 9 in Polearms
  2448 | D:2      | Reached XP level 6. HP: 42/44 MP: 6/6
  3451 | D:3      | Killed Edmund
  3452 | D:3      | Reached skill level 10 in Polearms
  3626 | D:4      | Identified a scroll of acquirement
  3626 | D:4      | Acquired the ring "Qeuwkoup" {rC+ rCorr}
  3674 | D:4      | Reached XP level 7. HP: 41/50 MP: 7/7
  3767 | D:4      | Reached skill level 11 in Polearms
  4320 | D:5      | Entered Level 5 of the Dungeon
  4385 | D:5      | Noticed Grinder
  4386 | D:5      | Paralysed by Grinder for 3 turns
  4398 | D:5      | Paralysed by Grinder for 7 turns
  4408 | D:5      | Killed Grinder
  4409 | D:5      | Reached skill level 12 in Polearms
  4664 | D:5      | Found a staircase to the Ecumenical Temple.
  4675 | Temple   | Entered the Ecumenical Temple
  4766 | Temple   | Became a worshipper of the Shining One
  4993 | D:5      | Noticed Eustachio
  5007 | D:5      | Killed Eustachio
  5008 | D:5      | Reached skill level 13 in Polearms
  5008 | D:5      | Reached XP level 8. HP: 50/56 MP: 8/8
  5329 | D:5      | Reached skill level 14 in Polearms
  5743 | D:6      | Found a sand-covered staircase.
  5748 | Ossuary  | Entered an ossuary
  5758 | Ossuary  | Reached * piety under the Shining One
  5808 | Ossuary  | Reached ** piety under the Shining One
  5880 | Ossuary  | Reached *** piety under the Shining One
  5921 | Ossuary  | Reached skill level 1 in Armour
  6085 | D:6      | Was placed under penance by the Shining One
  6086 | D:6      | Killed by an exploding black bear... ignited by their inner
                  | flame

Illustrated notes

Levels and vault maps discovered:
D:1:      psy_arrival_fountain, layout_loops_ring,
          shapermc_ecumenical_altar_ellora
D:2:      kb_forest_paths, layout_basic, basic_altar
D:3:      layout_loops_ring
D:4:      layout_cave_pools, corexii_hall_statues_x, uniq_edmund
D:5:      layout_basic, minmay_temple_entry_mist, uniq_eustachio, uniq_grinder
D:6:      layout_rooms, serial_shops, nicolae_shop_statue_plus, enter_ossuary_5
Temple:   mainiacjoe_temple_bowtie_tessellation

Skill      XL: |  1  2  3  4  5  6  7  8 |
---------------+-------------------------+-----
Polearms       | 5 6 8 9 10 13 14 | 14.2
Armour         | 1 |  1.1
Fighting       | 3 |  3.0
Throwing       | |  2.0
Dodging        | |  4.7

Action                   |  1- 3 |  4- 6 |  7- 9 || total
-------------------------+-------+-------+-------++-------
Melee: Trident           |    75 |   155 |   226 ||   456
  Use: Potion            |     2 |     1 |       ||     3
       Scroll            |     2 |     7 |     6 ||    15
 Stab: Sleeping          |     1 |       |       ||     1
Armor: Leather armour    |    11 |    20 |    24 ||    55
       Skin              |       |    23 |       ||    23
       Plate armour      |       |     7 |    36 ||    43
Dodge: Dodged            |    45 |    76 |    41 ||   162

Table legend: (Time is in decaauts)
 A = Elapsed time spent in this place.
 B = Non-inter-level travel time spent in this place.
 C = Inter-level travel time spent in this place.
 D = Time resting spent in this place.
 E = Time spent auto-exploring this place.
 F = Levels seen in this place.
 G = Mean time per level.
                   A        B        C        D        E       F      G
               +--------+--------+--------+--------+--------+-----+--------+
         Total |   5984 |   5553 |    431 |    869 |   3737 |   8 |  748.0 |
       Dungeon |   5569 |   5174 |    395 |    869 |   3494 |   6 |  928.2 |
        Temple |    128 |     92 |     36 |      0 |     79 |   1 |  128.0 |
       Ossuary |    287 |    287 |      0 |      0 |    164 |   1 |  287.0 |
               +--------+--------+--------+--------+--------+-----+--------+

Top non-repeatable levels by time:
     D:4: 1322 daAuts
     D:5: 1214 daAuts
     D:3: 1161 daAuts
     D:2: 1085 daAuts
     D:1: 727 daAuts
 Ossuary: 287 daAuts
  Temple: 128 daAuts
     D:6: 58 daAuts
